 Dungeon Crawl Stone Soup version 0.23-a0-164-g7711e57 (webtiles) character file.

5049 tsouns the Merchant of Misery (level 10, -1/68 HPs)
             Began as an Octopode Necromancer on Sept 10, 2018.
             Was a Believer of Kikubaaqudgha.
             Shot with an arrow by a centaur warrior (20 damage)
             ... on level 10 of the Dungeon.
             The game lasted 00:30:27 (9832 turns).

tsouns the Merchant of Misery (OpNe)                Turns: 9832, Time: 00:30:29

Health: -1/68      AC:  6    Str:  9    XL:     10   Next: 56%
Magic:  18/20      EV: 14    Int: 20    God:    Kikubaaqudgha [**....]
Gold:   539        SH:  0    Dex: 12    Spells: 3/23 levels left

rFire    . . .     SeeInvis .   p - +3 dagger (venom)
rCold    . . .     Gourm    .   (no shield)
rNeg     . . .     Faith    .   (helmet restricted)
rPois    .         Spirit   .   (no amulet)
rElec    .         Reflect  .   y - +5 ring of protection
rCorr    .         Harm     .   B - ring of flight
MR       .....                  (no ring)
Stlth    ++++......             (no ring)
HPRegen  0.21/turn              (no ring)
MPRegen  0.17/turn              (no ring)
                                (no ring)
                                (no ring)

@: no status effects
A: almost no armour, stealthy swim, amphibious, 8 rings, constrict 8, camouflage
1, gelatinous body 1
a: Receive Corpses, Renounce Religion, Evoke Flight


You were on level 10 of the Dungeon.
You worshipped Kikubaaqudgha.
Kikubaaqudgha was pleased with you.
You were not hungry.

You visited 2 branches of the dungeon, and saw 11 of its levels.
You also visited: Ossuary.

You collected 539 gold pieces.

Inventory:

Hand Weapons
 h - a +0 dagger of holy wrath
 p - a +3 dagger of venom (weapon)
Missiles
 m - 183 stones (quivered)
Jewellery
 u - an uncursed ring of ice
 y - a +5 ring of protection (left tentacle)
 B - a ring of flight (right tentacle)
Wands
 o - a wand of flame (46)
 t - a wand of disintegration (10)
 C - a wand of iceblast (13)
Scrolls
 c - 6 scrolls of teleportation
 f - 2 scrolls of noise
 g - 12 scrolls of remove curse
 j - 2 scrolls of fog
 q - 2 scrolls of enchant weapon
 s - 2 scrolls of random uselessness
 v - 3 scrolls of enchant armour
 z - 2 scrolls of magic mapping
 A - a scroll of identify
 D - a scroll of immolation
 E - a scroll of torment {unknown}
Potions
 a - 3 potions of agility
 d - a potion of haste
 e - 3 potions of heal wounds
 i - a potion of might
 k - 2 potions of berserk rage
 l - 2 potions of lignification
 n - a potion of invisibility
 r - 5 potions of curing
 w - 2 potions of degeneration {unknown}
 x - a potion of flight {unknown}
Comestibles
 b - 14 rations


   Skills:
 + Level 6.0 Fighting
 - Level 6.3 Short Blades
 + Level 2.7 Dodging
 - Level 6.5 Stealth
 + Level 7.0 Spellcasting
 + Level 1.5 Conjurations
 + Level 1.6 Charms
 + Level 8.5 Necromancy
 + Level 1.5 Translocations
 + Level 1.6 Fire Magic
 + Level 1.5 Air Magic
 + Level 2.0 Poison Magic


You had 3 spell levels left.
You knew the following spells:

 Your Spells              Type           Power        Failure   Level  Hunger
a - Pain                  Necr           ####         1%          1    None
b - Animate Skeleton      Necr           N/A          1%          1    None
c - Vampiric Draining     Necr           #####.....   1%          3    #......
d - Regeneration          Chrm/Necr      ####......   3%          3    #......
e - Animate Dead          Necr           N/A          2%          4    ###....
f - Blink                 Tloc           N/A          8%          2    None
g - Conjure Flame         Conj/Fire      ##......     14%         3    #......
h - Mephitic Cloud        Conj/Pois/Air  ##......     14%         3    #......

Your spell library contained the following spells:

 Spells                   Type           Power        Failure   Level  Hunger
 Sublimation of Blood     Necr           #####.....   1%          2    None
 Magic Dart               Conj           ##..         4%          1    None
 Call Imp                 Summ           #.......     14%         2    None
 Slow                     Hex            #.......     14%         2    None


Dungeon Overview and Level Annotations

Branches:
Dungeon (10/15)            Temple (1/1) D:6             Orc (0/2) D:9
   Lair: D:8-11

Altars:
Ashenzari
Cheibriados
Dithmenos
Elyvilon
Fedhas
Gozag
Hepliaklqana
Kikubaaqudgha
Makhleb
Nemelex Xobeh
Okawaru
Qazlal
Ru
Sif Muna
Trog
Uskayaw
Vehumet
Wu Jian
Xom
Yredelemnul
Zin
The Shining One
Beogh
Lugonu


Innate Abilities, Weirdness & Mutations

You cannot wear most types of armour.
You are very stealthy in the water. (Stealth+)
You are amphibious.
You can wear up to eight rings at the same time.
You can use your tentacles to constrict eight enemies at once.
Your skin changes colour to match your surroundings (Stealth+).
Your rubbery body absorbs attacks. (AC +1, EV +1)


Message History

An orc comes into view. It is wielding a mace.
You hear a blaring wail to the south.
The orc priest calls down the wrath of Beogh upon you.
Pain shoots through your body!
You hear an angry buzzing noise. x4; You hear a shout! x2
You hear an angry buzzing noise.
You hear a shout! x3; You hear a bark!
You hear a shout! x2; You hear a howl! x2; You hear a screech!
You hear a howl!
The orc priest calls down the wrath of Beogh upon you.
Beogh smites you!
You hear a howl!
The centaur warrior wields a shortbow.
The centaur warrior shoots an arrow.
The arrow hits you!
You see here an arrow.
The centaur warrior shoots an arrow.
The arrow hits you!
* * * LOW HITPOINT WARNING * * *
There is a stone staircase leading up here.
You see here an arrow.
The centaur warrior shoots an arrow.
The arrow hits you!!
You die...
Kikubaaqudgha rasps: "You have failed me!
Welcome... death!"

................#
#...............#
#...............#
#......../....#
##.............#
.?.........o..##
##........o.#
#...[...c#.#
##...@(.##.#
##...####c. #..##
##o. ####


.oh .... ##... #... You could see a centaur warrior, an orc warrior and an orc
priest.

Vanquished Creatures
  A two-headed ogre (D:8)
  6 yaks (D:9)
  Duvessa (D:6)
  An ice beast (D:9)
  2 orc warriors (D:9)
  A sky beast (D:6)
  5 ogres
  A phantom (D:6)
  2 centaurs (D:9)
  A big kobold (D:9)
  A bullfrog (D:6)
  Dowan (D:6)
  11 scorpions
  A howler monkey (D:9)
  A crimson imp (D:3)
  4 centaur zombies
  A hound (D:9)
  8 orc priests
  6 orc wizards
  A gnoll shaman (D:4)
  A human zombie (Ossuary)
  2 iguanas
  6 worker ants
  A killer bee zombie (D:6)
  A big kobold zombie (Ossuary)
  2 hound skeletons
  3 mummies (Ossuary)
  A howler monkey skeleton (D:9)
  3 gnolls (D:4)
  14 adders
  A scorpion zombie (Ossuary)
  A shadow imp (D:8)
  An ooze (D:2)
  3 adder skeletons
  A worm (D:2)
  3 dart slugs
  5 leopard geckos
  40 orcs
  4 giant cockroaches
  9 goblins
  7 hobgoblins
  5 jackals
  2 ball pythons (D:2)
  5 bats
  3 frilled lizards
  2 goblin zombies (Ossuary)
  3 hobgoblin zombies (Ossuary)
  6 kobolds
  A kobold zombie (Ossuary)
  An orc zombie (Ossuary)
  6 rats
199 creatures vanquished.

Vanquished Creatures (collateral kills)
  A centaur skeleton (D:9)
  A hungry ghost (D:7)
  An ogre (D:7)
  A jelly (D:5)
  A big kobold zombie (Ossuary)
  3 scorpion zombies (Ossuary)
  A leopard gecko (D:3)
  4 orcs (D:9)
  A jackal (D:3)
  A hobgoblin zombie (Ossuary)
  A rat (D:3)
16 creatures vanquished.

Vanquished Creatures (others)
  A plant (D:7)
1 creature vanquished.

Grand Total: 216 creatures vanquished

Notes
Turn   | Place    | Note
-------+----------+-------------------------------------------
     0 | D:1      | tsouns the Octopode Necromancer began the quest for the
                  | Orb.
     0 | D:1      | Reached XP level 1. HP: 11/11 MP: 3/3
     8 | D:1      | Learned a level 1 spell: Animate Skeleton
   105 | D:1      | Reached XP level 2. HP: 12/17 MP: 5/5
   640 | D:2      | Reached skill level 1 in Short Blades
   640 | D:2      | Reached XP level 3. HP: 16/21 MP: 0/6
   781 | D:2      | Learned a level 3 spell: Vampiric Draining
  1183 | D:2      | Reached XP level 4. HP: 22/27 MP: 7/7
  1681 | D:2      | Learned a level 3 spell: Regeneration
  1931 | D:3      | Reached XP level 5. HP: 22/31 MP: 5/9
  2150 | D:3      | Found a deep blue altar of Sif Muna.
  2350 | D:3      | Found a burning altar of Makhleb.
  2491 | D:4      | Reached skill level 5 in Stealth
  2491 | D:4      | Reached skill level 5 in Necromancy
  2491 | D:4      | Reached XP level 6. HP: 34/36 MP: 10/10
  2520 | D:4      | Found a snail-covered altar of Cheibriados.
  2550 | D:4      | Found an ornate altar of the Wu Jian Council.
  2626 | D:4      | Found a shattered altar of Ashenzari.
  2764 | D:4      | Found a sand-covered staircase.
  2775 | Ossuary  | Entered an ossuary
  2833 | Ossuary  | Reached XP level 7. HP: 35/41 MP: 12/12
  3011 | Ossuary  | Learned a level 4 spell: Animate Dead
  3644 | Ossuary  | Reached skill level 1 in Fighting
  3644 | Ossuary  | Reached skill level 6 in Necromancy
  4040 | D:4      | Reached XP level 8. HP: 32/48 MP: 14/14
  4648 | D:5      | Entered Level 5 of the Dungeon
  4848 | D:5      | Found a basalt altar of Yredelemnul.
  5360 | D:6      | Noticed Duvessa
  5365 | D:6      | Noticed Dowan
  5648 | D:6      | Reached skill level 5 in Spellcasting
  5804 | D:6      | Killed Duvessa
  5809 | D:6      | Killed Dowan
  6262 | D:6      | Found a staircase to the Ecumenical Temple.
  6280 | Temple   | Entered the Ecumenical Temple
  6322 | Temple   | Became a worshipper of Kikubaaqudgha
  6470 | D:6      | Reached skill level 7 in Necromancy
  6470 | D:6      | Reached XP level 9. HP: 53/57 MP: 10/17
  6883 | D:7      | Reached * piety under Kikubaaqudgha
  6883 | D:7      | Identified Kikubaaqudgha's Guide on Unholy Arts
                  | (Kikubaaqudgha gifted it to you on level 7 of the Dungeon)
  6883 | D:7      | Received a gift from Kikubaaqudgha
  7055 | D:7      | Reached skill level 5 in Short Blades
  7379 | D:7      | Found a blossoming altar of Fedhas.
  7764 | D:8      | Noticed a two-headed ogre
  7897 | D:8      | HP: 2/58 [two-headed ogre/giant club (11)]
  7904 | D:8      | Killed a two-headed ogre
  8108 | D:8      | Found an opulent altar of Gozag.
  8255 | D:8      | Reached skill level 5 in Fighting
  8341 | D:8      | Found a glowing golden altar of the Shining One.
  8579 | D:9      | Reached skill level 8 in Necromancy
  8666 | D:9      | Reached XP level 10. HP: 49/68 MP: 11/20
  8673 | D:9      | Learned a level 2 spell: Blink
  8677 | D:9      | Learned a level 3 spell: Conjure Flame
  8681 | D:9      | Learned a level 3 spell: Mephitic Cloud
  8777 | D:9      | Reached skill level 1 in Poison Magic
  8782 | D:9      | Reached ** piety under Kikubaaqudgha
  8782 | D:9      | Reached skill level 1 in Charms
  8903 | D:9      | Reached skill level 1 in Conjurations
  8903 | D:9      | Reached skill level 1 in Translocations
  8903 | D:9      | Reached skill level 1 in Fire Magic
  8903 | D:9      | Reached skill level 1 in Air Magic
  9047 | D:9      | Found a sacrificial altar of Ru.
  9203 | D:9      | Found a roughly hewn altar of Beogh.
  9203 | D:9      | Found a staircase to the Orcish Mines.
  9552 | D:9      | Found a hide-covered altar of Uskayaw.
  9552 | D:9      | Found a shadowy altar of Dithmenos.
  9733 | D:9      | Found a bloodstained altar of Trog.
  9815 | D:10     | Entered Level 10 of the Dungeon
  9825 | D:10     | Noticed a centaur warrior
  9832 | D:10     | Shot with an arrow by a centaur warrior

Vault maps used:
D:1:      ebering_trefoil_3fold, minmay_misc_feat_nine_boxes, minmay_ruptured
D:2:      kennysheep_generic_room_2
D:3:      led_sif_pool, makhleb_grotto_becter, first_ration
D:4:      nicolae_ashenzari_panopticon, grunt_temple_overflow_open,
          nicolae_ossuary_entry_plus
D:5:      lemuel_crystal_altar, serial_bayou_ford_a
D:6:      minmay_temple_entry_purple_smoke, minmay_misc_feat_tiny,
          kennysheep_flooded_box, kennysheep_dice, uniq_duvessa
D:7:      fedhas_altar_decomposition
D:8:      old_standard_altar, nicolae_gozag_cash_rules_everything_around_me
D:9:      kennysheep_mini_moat, lightli_temple_of_fire,
          gammafunk_temple_overflow_wave, david_orc_5, grunt_ogre_cave,
          patterned_corridor
D:10:     grunt_lair_entry_orc_guard_hut, basic_altar, uniq_grum
Temple:   corrupted_temple
Ossuary:  ossuary_minmay_scorpions

Skill      XL: |  1  2  3  4  5  6  7  8  9 10 |
---------------+-------------------------------+-----
Stealth        | 3 4 5 6 |  6.5
Short Blades   | 1 2 3 4 6 |  6.3
Spellcasting   | 3 4 5 6 7 |  7.0
Necromancy     | 5 6 7 8 |  8.5
Fighting       | 1 3 5 6 |  6.0
Poison Magic   | 2 |  2.0
Charms         | 1 |  1.6
Conjurations   | 1 |  1.5
Translocations | 1 |  1.5
Fire Magic     | 1 |  1.6
Air Magic      | 1 |  1.5
Dodging        | |  2.7

Action                   |  1- 3 |  4- 6 |  7- 9 | 10-12 || total
-------------------------+-------+-------+-------+-------++-------
Melee: Short sword       |    34 |     1 |       |       ||    35
       Constrict         |    10 |    17 |    64 |    21 ||   112
       Tentacles         |     8 |    11 |    58 |    16 ||    93
       Dagger            |       |    65 |   376 |   103 ||   544
Throw: Stone             |       |       |    36 |       ||    36
 Cast: Pain              |    35 |    22 |    18 |     7 ||    82
       Animate Skeleton  |     3 |     9 |     2 |       ||    14
       Vampiric Draining |     1 |     7 |    17 |    22 ||    47
       Animate Dead      |       |       |    16 |     5 ||    21
       Regeneration      |       |       |    21 |       ||    21
Invok: Receive Corpses   |       |       |     1 |       ||     1
  Use: Scroll            |       |    10 |    10 |       ||    20
       Potion            |       |       |     1 |       ||     1
 Stab: Sleeping          |     5 |     9 |    19 |     2 ||    35
       Distracted        |       |       |     1 |       ||     1
  Eat: Chunk             |     1 |     6 |     6 |     5 ||    18
       Ration            |       |       |     5 |       ||     5
Armor: Skin              |       |     5 |    27 |    12 ||    44
Dodge: Dodged            |    15 |    35 |   171 |    37 ||   258

Table legend:
 A = Non-vault XP
 B = Vault XP
 C = Vault XP percentage of total XP
 D = Non-vault monster count
 E = Vault monster count
 F = Vault count percentage of total count
                 A         B        C        D         E       F
            +---------+---------+-------+---------+---------+-------
      Total |    5700 |    1514 |  21.0 |     154 |      61 |  28.4
            +---------+---------+-------+---------+---------+-------
        D:1 |      25 |       6 |  19.4 |      13 |       4 |  23.5
        D:2 |      89 |       4 |   4.3 |      19 |       3 |  13.6
        D:3 |     137 |      48 |  25.9 |      22 |       1 |   4.3
        D:4 |     388 |       0 |   0.0 |      15 |       0 |   0.0
        D:5 |     223 |       0 |   0.0 |      13 |       0 |   0.0
        D:6 |     592 |     295 |  33.3 |      16 |       3 |  15.8
        D:7 |     479 |       0 |   0.0 |      13 |       0 |   0.0
        D:8 |    1340 |       0 |   0.0 |      18 |       0 |   0.0
        D:9 |    2427 |     560 |  18.7 |      25 |      24 |  49.0
    Ossuary |       0 |     601 | 100.0 |       0 |      26 | 100.0
            +---------+---------+-------+---------+---------+-------
